 Dungeon Crawl Stone Soup version 0.19-a0-1456-gc747e27 (webtiles) character file.

78 RonnieColeman the Conjurer (level 4, -1/27 HPs)
             Began as an Octopode Conjurer on Sept 6, 2016.
             Slain by Natasha (8 damage)
             ... on level 2 of the Dungeon.
             The game lasted 00:01:51 (781 turns).

RonnieColeman the Conjurer (Octopode Conjurer)       Turns: 781, Time: 00:01:51

Health: -1/27      AC:  1    Str:  7    XL:     4   Next: 36%
Magic:  3/9        EV: 13    Int: 18    God:
Gold:   78         SH:  0    Dex: 12    Spells: 1 memorised, 9 levels left

rFire  . . .     SeeInvis .     f - +0 short sword
rCold  . . .     Gourm    .     (no shield)
rNeg   . . .     Faith    .     (helmet restricted)
rPois  .         Spirit   .     (no amulet)
rElec  .         Dismiss  .     k - +2 ring of slaying (curse)
rCorr  .         Reflect  .     (no ring)
MR     .....     Harm     .     (no ring)
Stlth  +++.......               (no ring)
                                (no ring)
                                (no ring)
                                (no ring)
                                (no ring)

@: slowed, very slow
A: almost no armour, stealthy swim, amphibious, 8 rings, constrict 8, camouflage
1, gelatinous body 1
a: no special abilities


You were on level 2 of the Dungeon.
You were not hungry.

You visited 1 branch of the dungeon, and saw 2 of its levels.

You collected 78 gold pieces.

Inventory:

Hand Weapons
 d - a +0 dagger
 f - a +0 short sword (weapon)
Jewellery
 k - a cursed +2 ring of slaying (left tentacle)
Scrolls
 c - a scroll of blinking {unknown}
 h - a scroll of magic mapping {unknown}
Potions
 e - a potion of curing
 g - a potion of lignification {unknown}
 l - a potion of flight {unknown}
Books
 a - a book of Conjurations

   Spells                             Type                      Level
   a - Magic Dart                     Conjuration                  1
   b - Searing Ray                    Conjuration                  2
   c - Dazzling Spray                 Conjuration/Hexes            3
   d - Fulminant Prism                Conjuration/Hexes            4
   e - Iskenderun's Mystic Blast      Conjuration                  4
   f - Iskenderun's Battlesphere      Conjuration/Charms           5
Comestibles
 b - a bread ration
 i - 4 fruits
 j - 2 chunks of flesh


   Skills:
 - Level 2.0 Dodging
 - Level 2.6 Stealth
 * Level 3.6 Spellcasting
 + Level 4.5 Conjurations


You had 9 spell levels left.
You knew the following spells:

 Your Spells              Type           Power        Failure   Level  Hunger
a - Magic Dart            Conj           ###.         2%          1    None


Dungeon Overview and Level Annotations

Branches:
Dungeon (2/15)

Altars:

Annotations:
D:2 Natasha


Innate Abilities, Weirdness & Mutations

You cannot wear most types of armour.
You are very stealthy in the water.
You are amphibious.
You can wear up to eight rings at the same time.
You can use your tentacles to constrict eight enemies at once.
Your skin changes colour to match your surroundings (Stealth+).
Your rubbery body absorbs attacks. (AC +1, EV +1)


Message History

Aim: Natasha (lightly wounded)
The magic dart hits Natasha.
Natasha is heavily wounded.
Casting: Magic Dart
Confirm with . or Enter, or press ? or * to list all spells.
You don't know that spell.
Sorry, you're not good enough to have a special ability.
Unknown command.
Natasha casts a spell.
The shadow imp gestures at you. Pain shoots through your body!
* * * LOW HITPOINT WARNING * * *
You closely miss Natasha. You grab Natasha.
Natasha is heavily wounded.
You constrict Natasha. Natasha casts a spell at you.
You feel yourself slow down. The shadow imp barely misses you.
The shadow imp hits you.
* * * LOW HITPOINT WARNING * * *
Natasha claws you!
You die...

####..#..####..#...
#.....)..#####...##
#..†....[.....#..#
#.......#####.....#
#.......# ...
#.......### ########
#.........#
##......###.5.....#.#
##........##.@5....#...
#..........#.h...#.###..
#..........#............
#..........#.....######
#............÷####
#............##
##........####
#..........#
#..........#


You could see Natasha and 2 shadow imps.

Vanquished Creatures
  Natasha (D:2)
  An adder (D:2)
  An ooze (D:1)
  A worm (D:2)
  2 dart slugs (D:1)
  5 bats
  2 giant cockroaches (D:1)
  5 goblins
  A hobgoblin (D:2)
  6 kobolds
  A ball python (D:2)
  A giant newt (D:1)
  11 rats
38 creatures vanquished.

Notes
Turn   | Place    | Note
-------+----------+-------------------------------------------
     0 | D:1      | RonnieColeman the Octopode Conjurer began the quest for the Orb.
     0 | D:1      | Reached XP level 1. HP: 11/11 MP: 3/3
   103 | D:1      | Reached XP level 2. HP: 17/17 MP: 5/5
   355 | D:1      | Reached XP level 3. HP: 21/21 MP: 7/7
   625 | D:2      | Found a faded altar of an unknown god.
   634 | D:2      | Noticed Natasha
   641 | D:2      | Killed Natasha
   641 | D:2      | Reached XP level 4. HP: 10/27 MP: 0/9
   774 | D:2      | Noticed Natasha
   781 | D:2      | Slain by Natasha

Vault maps used:
D:1:      ncdulo_halloftheorcs, grunt_decor_fettered, minmay_rat_gold_closets
D:2:      eat_drink_and_be_merry_uskayaw, ecumenical_altar_2, uniq_natasha

Skill      XL: |  1  2  3 |
---------------+----------+-----
Spellcasting   | 3 |  3.6
Dodging        | |  2.0
Stealth        | |  2.6
Conjurations   | |  4.5

Action                   |  1- 3 |  4- 6 || total
-------------------------+-------+-------++-------
Melee: Unarmed           |    10 |       ||    10
       Dagger            |     5 |       ||     5
       Constrict         |    11 |     1 ||    12
       Tentacles         |     5 |       ||     5
       Short sword       |    43 |     2 ||    45
 Cast: Magic Dart        |    24 |     9 ||    33
 Stab: Sleeping          |    14 |       ||    14
Armor: Skin              |     8 |       ||     8
Dodge: Dodged            |    23 |     1 ||    24
